 Dungeon Crawl Stone Soup version 0.29-a0-810-g3812dd5c9c (webtiles) character file.

Game seed: 1528993308523190764

233 Morbidden the Shooter (level 5, -2/41 HPs)
             Began as a Demonspawn Hunter on July 4, 2022.
             Slain by Menkaure (5 damage)
             ... on level 4 of the Dungeon.
             The game lasted 00:07:03 (2771 turns).

Morbidden the Shooter (Demonspawn Hunter)           Turns: 2771, Time: 00:07:04

Health: -2/41      AC: 11    Str: 14    XL:     5   Next: 74%
Magic:  5/5        EV:  7    Int: 16    God:
Gold:   81         SH:  0    Dex: 18    Spells: 4/4 levels left

rFire   . . .      SeeInvis .   b - +3 dagger
rCold   . . .      Faith    .   (no shield)
rNeg    . . .      Spirit   .   o - +1 chain mail of Xeneikle {Str+2}
rPois   .          Reflect  .   m - +1 helmet
rElec   .          Harm     .   (no cloak)
rCorr   .          Rampage  .   (no gloves)
Will    .....                   (no boots)
Stlth   ..........              d - amulet of the acrobat
HPRegen 0.13/turn               k - +6 ring of intelligence
MPRegen 0.09/turn               (no ring)

@: no status effects
A: spiny 2
a: no special abilities


You were on level 4 of the Dungeon.
You visited 1 branch of the dungeon, and saw 4 of its levels.

You collected 81 gold pieces.

Inventory:

Hand Weapons
 a - a +0 arbalest
 b - a +3 dagger (weapon)
Armour
 m - a +1 helmet (worn)
 o - the +1 chain mail of Xeneikle (worn) {Str+2}
   (You found it on level 2 of the Dungeon)

   Str:       It affects your strength (+2).
Jewellery
 d - an amulet of the acrobat (around neck)
 k - a +6 ring of intelligence (left hand)
Wands
 r - a wand of flame (2)
Scrolls
 i - a scroll of blinking {unknown}
 j - 3 scrolls of identify {unknown}
 l - a scroll of immolation
 n - a scroll of poison {unknown}
 p - a scroll of teleportation {unknown}
 q - a scroll of magic mapping {unknown}
 s - a scroll of fear {unknown}
 u - a scroll of enchant weapon {unknown}
Potions
 f - a potion of berserk rage
 g - a potion of mutation {unknown}
 h - a potion of brilliance
 t - a potion of invisibility {unknown}


   Skills:
 * Level 3.2 Fighting
 * Level 5.3 Ranged Weapons
 + Level 0.1 Armour
 * Level 3.0 Dodging
 + Level 0.9 Stealth


You had 4 spell levels left.
You didn't know any spells.
Your spell library contained the following spells:

 Spells                   Type           Power      Damage    Failure   Level
 Hailstorm                Conj/Ice       0%         3d3       100%        4
 Ice Form                 Ice/Tmut       0%         N/A       100%        4
 Simulacrum               Ice/Necr       0%         N/A       100%        6


Dungeon Overview and Level Annotations

Branches:
Dungeon (4/15)
 Temple: D:4-7

Altars:

Annotations:
D:4 Eustachio, Menkaure


Innate Abilities, Weirdness & Mutations

You are mostly covered in sharp spines.


Message History

Menkaure is struck by your spines. Menkaure hits you! The ufetubus misses you.
The ufetubus hits you.
* * * LOW HITPOINT WARNING * * *
Unknown command.
Unknown command.
Unknown command.
Okay, then.
It was a potion of brilliance.
You feel clever all of a sudden. The bat barely misses you.
The ufetubus hits you but does no damage.
The ufetubus completely misses you. Menkaure barely misses you.
Eustachio hits you with a +0 falchion!
* * * LOW HITPOINT WARNING * * *
The ufetubus is struck by your spines. The ufetubus closely misses you.
The ufetubus hits you but does no damage.
It was a potion of curing.
You feel better. The bat is struck by your spines.
You kill the bat!
The bat's corpse disappears in a puff of smoke!
Menkaure hits you but does no damage. The bat hits you but does no damage.
Eustachio hits you with a +0 falchion.
* * * LOW HITPOINT WARNING * * *
The ufetubus is struck by your spines.
You kill the ufetubus!
The ufetubus disappears in a puff of smoke!
Menkaure calls on the powers of darkness!
Your body is wracked with pain!
* * * LOW HITPOINT WARNING * * *
Eustachio convulses!
It was a potion of cancellation.
Your magical effects are unravelling.
You feel magically purged.
You feel a little less clever now. The bat is struck by your spines.
You kill the bat!
The bat's corpse disappears in a puff of smoke!
Eustachio hits you with a +0 falchion.
* * * LOW HITPOINT WARNING * * *
Menkaure hits you.
You die...

#.# #.# #.# #.#
# #.# #.# .# #.#
#.# #.## #.#
#.##...### #.#
#....#...#
##.#....#.#
.######§#@..#5..
........@§#...#.
#######M###@.##
##.#.#.# ##@# .#
.....M.M...#
############


You could see Eustachio and Menkaure (fast).

Vanquished Creatures
  2 hounds (D:3)
  2 orc wizards (D:3)
  Robin (D:2)
  A worm (D:3)
  2 dart slugs (D:1)
  7 orcs (D:3)
  4 ball pythons
  4 bats
  5 endoplasms
  8 giant cockroaches
  15 goblins
  9 hobgoblins
  6 jackals (D:1)
  8 kobolds
  2 quokkas (D:1)
  5 frilled lizards
  7 rats
88 creatures vanquished.

Notes
Turn   | Place    | Note
-------+----------+-------------------------------------------
     0 | D:1      | Morbidden the Demonspawn Hunter began the quest for the
                  | Orb.
     0 | D:1      | Reached XP level 1. HP: 16/16 MP: 1/1
     6 | D:1      | Noticed a hog
     6 | D:1      | Noticed a salamander
     6 | D:1      | Noticed a swamp drake
     7 | D:1      | Noticed an iguana
   110 | D:1      | Gained mutation: You are partially covered in sharp spines.
                  | [demonic ancestry]
   110 | D:1      | Reached XP level 2. HP: 14/22 MP: 2/2
   131 | D:1      | Reached skill level 4 in Ranged Weapons
   296 | D:1      | Found a faded altar of an unknown god.
   565 | D:1      | Reached XP level 3. HP: 27/27 MP: 3/3
  1214 | D:2      | Noticed Robin
  1449 | D:2      | Killed Robin
  1450 | D:2      | Reached XP level 4. HP: 27/34 MP: 4/4
  1770 | D:2      | Identified the +1 chain mail of Xeneikle {Str+2}
  1882 | D:3      | Reached skill level 5 in Ranged Weapons
  2086 | D:3      | Gained mutation: You are mostly covered in sharp spines.
                  | [demonic ancestry]
  2086 | D:3      | Reached XP level 5. HP: 18/39 MP: 5/5
  2745 | D:4      | Noticed Eustachio
  2753 | D:4      | Noticed Menkaure
  2771 | D:4      | Slain by Menkaure

Illustrated notes

Levels and vault maps discovered:
D:1:      onia_arrival_zoo_common, layout_basic,
          chequers_ecumenical_altar_island
D:2:      layout_rooms, uniq_robin
D:3:      layout_rooms, minmay_misc_feat_x, chequers_serial_rivers_micro_c,
          roderic_serpentine_path
D:4:      layout_loops_ring, minmay_ruined_shrine, uniq_blork_the_orc,
          uniq_grinder, uniq_eustachio, uniq_edmund, uniq_menkaure

Skill      XL: |  1  2  3  4  5 |
---------------+----------------+-----
Dodging        | 2 3 |  3.0
Ranged Weapons | 4 5 |  5.3
Fighting       | 3 |  3.2
Armour         | |  0.1
Stealth        | |  0.9

Action                   |  1- 3 |  4- 6 || total
-------------------------+-------+-------++-------
Melee: Dagger            |       |    24 ||    24
 Fire: Shortbow          |   111 |    43 ||   154
       Arbalest          |       |    25 ||    25
  Use: Potion            |       |     4 ||     4
Armor: Leather armour    |    14 |     2 ||    16
       Chain mail        |       |    37 ||    37
Dodge: Dodged            |    33 |    27 ||    60

Table legend: (Time is in decaauts)
 A = Elapsed time spent in this place.
 B = Non-inter-level travel time spent in this place.
 C = Inter-level travel time spent in this place.
 D = Time resting spent in this place.
 E = Time spent auto-exploring this place.
 F = Levels seen in this place.
 G = Mean time per level.
                   A        B        C        D        E       F      G
               +--------+--------+--------+--------+--------+-----+--------+
         Total |   2859 |   2701 |    158 |    241 |   1913 |   4 |  714.8 |
       Dungeon |   2859 |   2701 |    158 |    241 |   1913 |   4 |  714.8 |
               +--------+--------+--------+--------+--------+-----+--------+

Top non-repeatable levels by time:
     D:1: 1253 daAuts
     D:3: 847 daAuts
     D:2: 673 daAuts
     D:4: 85 daAuts
